AoeStats
← silvajuank

Golden Pit

509756862Analyzed
1v1 RM · 5d ago on Sep 27, 2026· 38m 43s· 2 players
Game mode
Random Map
Map size
Tiny (2 player)
Population
200
Speed
Normal
Resources
Standard
Victory
Conquest
Starting age
Dark Age
Ending age
Imperial Age
RankedLock teamsTeams togetherTeam positionsShared explorationLock speedFull tech treeHidden civsTurbo modeCheats
Victory
Defeat
🇧🇷 Cumans · Brazil
968
+16
🇦🇷 Vietnamese · Argentina
976
-16
DKT | BRESSAN
10:57 Feudal Age
12:24 Wheelbarrow
11:51 Loom
12:35 Horse Collar
13:13 Double-Bit Axe
17:29 Gold Mining
21:29 Stone Mining
24:08 Castle Age
22:23 Town Watch
24:30 Scale Barding Armor
24:36 Forging
25:16 Bow Saw
25:09 Heavy Plow
25:52 Gold Shaft Mining
29:47 Iron Casting
29:34 Chain Barding Armor
29:42 Hand Cart
30:01 Bloodlines
29:17 Light Cavalry
30:49 Town Patrol
33:51 Imperial Age
34:07 Cavalier
34:08 Hussar
35:53 Blast Furnace
35:30 Plate Barding Armor
37:04 Two-Man Saw
silvajuank
5:10 Loom
10:30 Feudal Age
15:25 Castle Age
14:20 Double-Bit Axe
14:17 Horse Collar
15:50 Fletching
21:42 Padded Archer Armor
25:45 Bloodlines
28:01 Gold Mining
29:13 Bow Saw
33:43 Imperial Age
31:33 Squires
31:34 Scale Mail Armor
31:42 Town Watch
32:33 Husbandry
33:30 Chain Mail Armor
34:06 Wheelbarrow
34:02 Bodkin Arrow
34:54 Thumb Ring
35:09 Bracer
36:20 Ballistics
36:57 Paper Money
38:25 Forging
38:45 Plate Mail Armor
38:25 Elite Fire Lancer
Connection lost

Rejoining the realm…

Still unreachable

The connection could not be restored.

Session expired

The server has moved on; the page needs a fresh start.